 Dungeon Crawl Stone Soup version 0.30-a0-851-gbd0d260d8e (webtiles) character file.

Game seed: 9665958493835687837

49837 stopotab the Severer (level 14, -10/127 HPs)
             Began as a Hill Orc Fighter on Mar 3, 2023.
             Was a High Priest of Beogh.
             Mangled by an enormous slime creature (50 damage)
             ... on level 13 of the Dungeon on Mar 4, 2023.
             The game lasted 02:14:46 (21190 turns).

stopotab the Severer (Hill Orc Fighter)            Turns: 21190, Time: 02:14:47

Health: -10/127    AC: 26    Str: 20    XL:     14   Next: 52%
Magic:  20/20      EV: 14    Int:  8    God:    Beogh [*****.]
Gold:   1056       SH:  7    Dex: 12    Spells: 13/13 levels left

rFire   + . .      SeeInvis .    a - +4 broad axe
rCold   + . .      Faith    .    c - +0 buckler
rNeg    . . .      Spirit   .    V - +4 chain mail {rF+}
rPois   .          Reflect  .    m - +2 helmet
rElec   .          Rampage  .    D - +0 cloak
rCorr   .                        C - +2 pair of gloves
Will    +....                    O - +0 pair of boots Stlth
                                 T - amulet of regeneration
HPRegen 1.21/turn                z - +5 ring of evasion
MPRegen 0.17/turn                B - ring of protection from cold

@: no status effects
A: walk on water, low MP 1, weak 1
a: Renounce Religion, Smiting, Recall Orcish Followers, Give Item to Named
Follower


You were on level 13 of the Dungeon.
You worshipped Beogh.
Beogh was extremely pleased with you.
You visited 2 branches of the dungeon, and saw 18 of its levels.
You also visited: Ossuary and Volcano.

You collected 1239 gold pieces.
You spent 183 gold pieces at shops.

Inventory:

Hand Weapons
 a - a +4 broad axe (weapon)
 e - a +1 glaive
 i - a +0 glaive
 w - the +7 staff of the Meek {protect, meekguard}
   (You found it on level 3 of the Dungeon)
 A - the +6 spear of Yzaon {flame, Will+ Str+2 Dex+2}
   (You took it off a hobgoblin on level 4 of the Dungeon)

   Str:       It affects your strength (+2).
   Dex:       It affects your dexterity (+2).
   Will:      It increases your willpower.
Missiles
 l - 11 javelins
 n - 5 throwing nets
Armour
 c - a +0 buckler (worn)
 m - a +2 helmet (worn)
 C - a +2 pair of gloves (worn)
 D - a +0 cloak (worn)
 E - the +1 chain mail of the Vacuum {-Tele rElec rC+ rN+++}
   (You took it off a kobold brigand on level 8 of the Dungeon)

   rC:        It protects you from cold.
   rElec:     It insulates you from electricity.
   rN:        It renders you almost immune to negative energy.
   -Tele:     It prevents most forms of teleportation.
 I - a +1 plate armour of cold resistance
 O - a +0 pair of boots (worn)
 V - a +4 chain mail of fire resistance (worn)
Jewellery
 k - a +6 ring of dexterity
 p - a ring of positive energy
 q - a ring of protection from fire
 z - a +5 ring of evasion (left hand)
 B - a ring of protection from cold (right hand)
 J - a ring of poison resistance
 M - a ring of resist corrosion
 S - a ring of see invisible
 T - an amulet of regeneration (around neck)
Wands
 b - a wand of paralysis (13)
 o - a wand of mindburst (8)
 u - a wand of polymorph (17)
 F - a wand of flame (13) (quivered)
 R - a wand of digging (7)
 X - a wand of iceblast (6)
 Z - a wand of light (3)
Scrolls
 f - 9 scrolls of teleportation
 g - 3 scrolls of enchant armour
 s - 2 scrolls of fear
 v - a scroll of identify
 x - 2 scrolls of magic mapping
 y - 2 scrolls of silence
 K - 5 scrolls of blinking
 Q - a scroll of fog
Potions
 d - 3 potions of might
 h - a potion of flight
 j - 3 potions of resistance
 r - 3 potions of magic
 t - 3 potions of curing
 G - 2 potions of cancellation
 H - 4 potions of mutation
 L - 3 potions of haste
 N - 2 potions of lignification
 P - 2 potions of invisibility
 U - 2 potions of heal wounds
 Y - 3 potions of ambrosia {unknown}
Miscellaneous
 W - a phantom mirror


   Skills:
 + Level 12.6 Fighting
 + Level 17.9 Axes
 + Level 11.7 Armour
 + Level 3.4 Dodging
 + Level 11.6 Shields
 + Level 11.4 Invocations
 + Level 6.9 Evocations


You had 13 spell levels left.
You didn't know any spells.
Your spell library contained the following spells:

 Spells                   Type           Power      Damage    Failure   Level
 Freeze                   Ice            0%         1d3       98%         1
 Slow                     Hex            0%         N/A       98%         1
 Summon Small Mammal      Summ           0%         N/A       98%         1
 Cigotuvi's Dreadful Rot  Necr/Pois/Air  0%         N/A       99%         2
 Ensorcelled Hibernation  Hex/Ice        0%         N/A       99%         2
 Passwall                 Tmut/Erth      0%         N/A       99%         2
 Poisonous Vapours        Pois/Air       0%         N/A       99%         2
 Call Canine Familiar     Summ           0%         N/A       100%        3
 Confusing Touch          Hex            0%         N/A       100%        3
 Frozen Ramparts          Ice            0%         1d1       100%        3
 Hailstorm                Conj/Ice       0%         3d3       100%        3
 Mephitic Cloud           Conj/Pois/Air  0%         N/A       100%        3
 Portal Projectile        Hex/Tloc       0%         N/A       100%        3
 Spider Form              Tmut/Pois      0%         N/A       100%        3
 Summon Guardian Golem    Hex/Summ       0%         N/A       100%        3
 Swiftness                Air            0%         N/A       100%        3
 Vampiric Draining        Necr           0%         2d6       100%        3
 Vhi's Electric Charge    Tloc/Air       0%         N/A       100%        3
 Anguish                  Hex/Necr       0%         N/A       100%        4
 Ice Form                 Ice/Tmut       0%         N/A       100%        4
 Leda's Liquefaction      Hex/Erth       0%         N/A       100%        4
 Summon Ice Beast         Ice/Summ       0%         N/A       100%        4
 Arcjolt                  Conj/Air       0%         1d10      100%        5
 Blade Hands              Tmut           0%         N/A       100%        5
 Irradiate                Conj/Tmut      0%         3d11      100%        5
 Simulacrum               Ice/Necr       0%         N/A       100%        6
 Dragon Form              Tmut           0%         N/A       100%        7
 Maxwell's Capacitive Co  Air            0%         ∞         100%        8


Dungeon Overview and Level Annotations

Branches:
Dungeon (13/15)            Temple (0/1) D:4            Lair (5/5) D:11
 Shoals (0/4) Lair:3       Spider (0/4) Lair:2        Slime (0/5) Lair:4
    Orc (0/2) D:11         Vaults (0/5) D:13        Ossuary (visited)
Volcano (visited)

Altars:
Cheibriados
Hepliaklqana
Kikubaaqudgha
Ru
Sif Muna
The Shining One
Jiyva
Lugonu

Shops:
D:1 (   D:4 *   D:8 *(

Portals:
Abyss: D:7 Lair:5

Annotations:
D:3 exclusion: downstairs
D:7 2 transporters, pener's ghost, novice FeSu


Innate Abilities, Weirdness & Mutations

You can walk on water.
Your magical capacity is low. (-10% MP)
You are weak. (Str -2)


Message History

You swap places.
A slime creature comes into view. x4
The slime creature quivers. x2
Two slime creatures merge to form a large slime creature.
The slime creature closely misses you.
Two slime creatures merge to form a very large slime creature.
You slash the slime creature!
The slime creature is lightly wounded.
What are your orders? t - Shout!
Orders for allies: a - Attack new target. r - Retreat! s - Stop attacking. g - Guard the area. f - Follow me.
Anything else - Cancel.
Follow me!
Two slime creatures merge to form an enormous slime creature.
You slice the enormous slime creature!!
The enormous slime creature is lightly wounded.
The enormous slime creature closely misses you.
Arkwar hits the enormous slime creature from afar with a +2 glaive of flaming!!
Arkwar burns the enormous slime creature.
You slice the enormous slime creature!!
The enormous slime creature is moderately wounded.
Wargrak roars a battlecry!
Arkwar goes into a battle-frenzy!
The enormous slime creature hits you!!!
Arkwar hits the enormous slime creature from afar with a +2 glaive of flaming!!
Arkwar burns the enormous slime creature!
You hear a shout!
You slice the enormous slime creature!!
The enormous slime creature is heavily wounded.
You slash the enormous slime creature!
The enormous slime creature is heavily wounded.
The enormous slime creature hits you!!
Arkwar hits the enormous slime creature from afar with a +2 glaive of flaming!!
Arkwar burns the enormous slime creature!
You hit the enormous slime creature.
The enormous slime creature is almost dead.
The enormous slime creature hits you!!!
You die...

# .####........... ...
............ ..#
#............ #.#
#............ #J#
#.........[... #@#
#.............
##o####............
#.o..o.............
#......#####...........
..###..# #...........
#..# ##.......... ....
##..###.... ..##.
#.....#...# ..# #
#........##


You could see an enormous slime creature (ally target), the friendly Arkwar the
orc knight (strong) and the friendly Wargrak the orc knight.

Vanquished Creatures
  Kirke (Lair:4)
  Harold (Lair:1)
  A catoblepas (Lair:1)
  2 two-headed ogres (D:9)
  2 centaur warriors
  2 boulder beetles
  Erica (D:10)
  A thrashing horror (Lair:5)
  A wizard (D:13)
  4 lindwurms (Lair:5)
  A cyclops (D:12)
  4 salamanders (Volcano)
  2 manticores
  A black mamba (Lair:1)
  A cane toad (Lair:5)
  5 torpor snails (Lair:4)
  A rime drake (shapeshifter) (Lair:5)
  2 unseen horrors
  An ancient zyme (Lair:5)
  A polar bear (D:12)
  6 blink frogs (Lair:5)
  4 dream sheep (Lair:5)
  3 vampires
  2 centaur simulacra (D:12)
  2 wyverns
  3 shadows
  A basilisk (D:11)
  41 yaks
  A wraith (Ossuary)
  The ghost of TimeIsEndless the Shield-Bearer, an amateur FoFi (D:3)
  2 chaos spawn (Lair:5)
  A steam dragon (D:6)
  13 water moccasins
  Duvessa (D:4)
  An acid dragon (D:12)
  2 meliai simulacra (D:12)
  4 orc warriors
  3 black bears
  4 small abominations (Lair:5)
  An ice beast (D:6)
  A sky beast (D:7)
  An ogre (D:5)
  7 centaurs
  8 wolves
  2 phantoms
  6 bullfrogs
  Blork the orc (D:4)
  4 scorpions
  Dowan (D:4)
  14 wights
  7 killer bees
  3 howler monkeys
  3 electric eels
  A human zombie (Ossuary)
  2 hounds (D:6)
  5 orc priests
  2 gnoll boudas (D:8)
  2 jellies
  3 iguanas (D:5)
  13 orc wizards
  4 mummies
  7 gnolls (D:8)
  8 adders
  5 white imps (D:12)
  An ufetubus (D:12)
  A worm (D:2)
  2 dart slugs
  23 orcs
  11 bats
  10 endoplasms
  4 giant cockroaches
  2 gnoll zombies (Ossuary)
  3 goblins
  8 hobgoblins
  4 jackals (D:1)
  13 kobolds
  5 quokkas
  3 ball pythons (D:1)
  6 frilled lizards
  4 goblin zombies (Ossuary)
  6 hobgoblin zombies
  3 kobold zombies (Ossuary)
  2 orc zombies
  2 rats
354 creatures vanquished.

Vanquished Creatures (collateral kills)
  A hydra (Lair:4)
  3 boulder beetles
  A centaur warrior (D:13)
  A two-headed ogre (D:13)
  2 thrashing horrors (Lair:5)
  Urug (D:12)
  2 skysharks
  A deep elf pyromancer (D:13)
  A necromancer (D:13)
  2 cyclopes
  3 ugly things (Lair:5)
  A manticore (D:12)
  3 elephants (Lair:5)
  A merfolk siren (Lair:3)
  A smoke demon (Lair:5)
  4 black mambas
  2 cane toads (Lair:5)
  8 komodo dragons
  A kobold demonologist (D:13)
  4 rime drakes
  3 trolls
  2 polar bears
  A wolf spider simulacrum (D:12)
  18 blink frogs (Lair:5)
  A raiju (shapeshifter) (Lair:5)
  A centaur simulacrum (D:12)
  A shadow (D:10)
  2 spriggans (Lair:5)
  2 wraiths
  2 ynoxinuls (Lair:5)
  14 yaks
  4 small abominations (Lair:5)
  3 basilisks
  2 wyverns
  2 vampire mosquitoes (D:11)
  A chaos spawn (Lair:5)
  2 acid dragons
  6 water moccasins
  An orc warrior (D:9)
  2 ice beasts (D:12)
  8 wolves
  7 centaurs
  A kobold brigand (D:8)
  5 bullfrogs
  3 killer bees (D:9)
  A howler monkey (D:11)
  2 orc priests (D:10)
  3 orc wizards
  6 white imps (D:12)
  6 orcs
  3 kobolds (D:8)
158 creatures vanquished.

Vanquished Creatures (others)
  An orc knight (D:9)
  An orc warrior (D:9)
  A human (Lair:4)
  An orc priest (D:3)
  An orc wizard (D:12)
  A dart slug (D:3)
  9 orcs
  A kobold (D:3)
  A bush (Lair:5)
  31 fungi
  31 plants
79 creatures vanquished.

Grand Total: 591 creatures vanquished

Notes
Turn   | Place    | Note
-------+----------+-------------------------------------------
     0 | D:1      | stopotab the Hill Orc Fighter began the quest for the Orb.
     0 | D:1      | Reached XP level 1. HP: 19/19 MP: 1/1
    59 | D:1      | Reached skill level 3 in Axes
   138 | D:1      | Reached XP level 2. HP: 26/26 MP: 2/2
   198 | D:1      | Reached skill level 4 in Axes
   343 | D:1      | Reached XP level 3. HP: 31/31 MP: 3/3
   497 | D:1      | Found Zexumi's Antique Weapon Boutique.
   614 | D:1      | Reached skill level 5 in Axes
   623 | D:1      | Found a faded altar of an unknown god.
   922 | D:2      | Reached skill level 8 in Axes
   922 | D:2      | Reached XP level 4. HP: 47/47 MP: 4/4
   953 | D:2      | Found a glowing golden altar of the Shining One.
  1078 | D:2      | Reached XP level 5. HP: 52/52 MP: 5/5
  1218 | D:2      | You fall into a shaft and drop 1 floor!
  1514 | D:3      | Became a worshipper of Beogh the Brigand
  1589 | D:3      | Reached skill level 9 in Axes
  1712 | D:3      | Found a runed translucent door.
  1713 | D:3      | Noticed TimeIsEndless's ghost (amateur FoFi)
  1728 | D:3      | Killed TimeIsEndless's ghost
  1729 | D:3      | Reached XP level 6. HP: 13/60 MP: 6/6
  2024 | D:3      | Found the +7 staff of the Meek {protect, meekguard}
  2526 | D:4      | Noticed Dowan
  2633 | D:4      | Found Paippext's CLEARANCE SALE!.
  2637 | D:4      | Bought a scroll of silence for 47 gold pieces
  2664 | D:4      | Noticed Blork the orc
  2791 | D:4      | Killed Blork the orc
  2916 | D:4      | Found a shimmering blue altar of Sif Muna.
  2939 | D:4      | Identified the +6 spear of Yzaon {flame, Will+ Str+2 Dex+2}
  3044 | D:4      | Found a staircase to the Ecumenical Temple.
  3053 | D:4      | Reached XP level 7. HP: 66/66 MP: 7/7
  3179 | D:4      | Found a hazy altar of Hepliaklqana.
  3179 | D:4      | Found a sacrificial altar of Ru.
  3277 | D:4      | Noticed Duvessa
  3302 | D:4      | Killed Duvessa
  3325 | D:4      | Killed Dowan
  3598 | D:5      | Entered Level 5 of the Dungeon
  3621 | D:5      | Reached * piety under Beogh
  3658 | D:5      | HP: 3/67 [ogre/+0 giant club (33)]
  4229 | D:5      | Reached XP level 8. HP: 74/74 MP: 8/8
  4251 | D:5      | Reached skill level 1 in Evocations
  4339 | D:5      | Reached skill level 10 in Axes
  5058 | D:6      | Reached skill level 1 in Invocations
  5277 | D:6      | Reached XP level 9. HP: 67/81 MP: 8/10
  5893 | D:6      | Reached skill level 11 in Axes
  6678 | D:7      | Found a one-way gate to the infinite horrors of the Abyss.
  6678 | D:7      | Noticed pener's ghost (novice FeSu)
  6793 | D:7      | Reached ** piety under Beogh
  7081 | D:7      | Found a transporter.
  7086 | D:7      | Found a transporter.
  7325 | D:8      | Reached XP level 10. HP: 69/87 MP: 12/12
  7338 | D:8      | Reached skill level 12 in Axes
  7416 | D:8      | Found a sand-covered staircase.
  7541 | Ossuary  | Entered an ossuary
  8045 | D:8      | Reached *** piety under Beogh
  8153 | D:8      | Found Fitasaz's Assorted Antiques.
  8168 | D:8      | Bought an amethyst potion for 26 gold pieces
  8168 | D:8      | Bought a scroll labelled QIDOTS LACKUC for 29 gold pieces
  8168 | D:8      | Bought an orange potion for 26 gold pieces
  8168 | D:8      | Bought a scroll labelled XOLERE ATHRUC for 29 gold pieces
  8168 | D:8      | Bought a bubbling inky potion for 26 gold pieces
  8343 | D:8      | Found Amoe's Antique Weapon Boutique.
  8372 | D:8      | Identified the +1 chain mail of the Vacuum {-Tele rElec rC+
                  | rN+++}
  8851 | D:9      | Found an ancient bone altar of Kikubaaqudgha.
  9239 | D:9      | Noticed a two-headed ogre
  9246 | D:9      | Reached skill level 5 in Invocations
  9250 | D:9      | Killed a two-headed ogre
  9250 | D:9      | Reached **** piety under Beogh
  9384 | D:9      | Reached skill level 13 in Axes
  9624 | D:9      | Reached XP level 11. HP: 90/97 MP: 15/15
  9629 | D:9      | Noticed a boulder beetle
  9638 | D:9      | Noticed a manticore
  9644 | D:9      | Killed a boulder beetle
  9652 | D:9      | Killed a manticore
  9708 | D:9      | Noticed a centaur warrior
  9714 | D:9      | Killed a centaur warrior
 10025 | D:9      | Noticed a two-headed ogre
 10030 | D:9      | Killed a two-headed ogre
 10396 | D:10     | Entered Level 10 of the Dungeon
 10420 | D:10     | Reached skill level 10 in Fighting
 10515 | D:10     | Reached skill level 14 in Axes
 10870 | D:10     | Noticed Erica
 10876 | D:10     | Killed Erica
 11604 | D:11     | Noticed a manticore
 11604 | D:11     | Noticed a two-headed ogre
 11605 | D:11     | Noticed a manticore
 11662 | D:11     | Found a staircase to the Orcish Mines.
 12110 | D:11     | Noticed a manticore
 12116 | D:11     | Killed a manticore
 12201 | D:11     | Found a staircase to the Lair.
 12302 | D:11     | Reached XP level 12. HP: 102/107 MP: 17/17
 12639 | Lair:1   | Entered Level 1 of the Lair of Beasts
 12707 | Lair:1   | Noticed a catoblepas
 12724 | Lair:1   | Killed a catoblepas
 12737 | Lair:1   | Reached skill level 15 in Axes
 13235 | Lair:1   | Noticed Harold
 13240 | Lair:1   | Killed Harold
 13241 | Lair:1   | Reached skill level 10 in Armour
 13250 | Lair:1   | Reached skill level 10 in Shields
 14213 | Lair:2   | Found a hole to the Spider Nest.
 15552 | Lair:3   | Identified the ring of Temptation {Ice Contam +Blink rPois}
 15569 | Lair:3   | Noticed a boulder beetle
 15574 | Lair:3   | Killed a boulder beetle
 15809 | Lair:3   | Reached skill level 16 in Axes
 15985 | Lair:3   | Identified a scroll of acquirement
 15986 | Lair:3   | Acquired an amulet of regeneration
 16348 | Lair:3   | Found a staircase to the Shoals.
 16673 | Lair:4   | Found a dark tunnel.
 16680 | Volcano  | Entered a volcano
 16694 | Volcano  | Gained mutation: You are weak. (Str -2) [mutagenic glow]
 16744 | Volcano  | Reached XP level 13. HP: 92/116 MP: 19/19
 16886 | Lair:4   | Noticed Kirke
 16898 | Lair:4   | Killed Kirke
 17027 | Lair:4   | Found a snail-covered altar of Cheibriados.
 17219 | Lair:4   | Reached skill level 1 in Dodging
 17437 | Lair:4   | Found a viscous altar of Jiyva.
 17437 | Lair:4   | Found a staircase to the Slime Pits.
 17596 | Lair:5   | Entered Level 5 of the Lair of Beasts
 17758 | Lair:5   | Gained Arkwar as an ally
 17778 | Lair:5   | Reached skill level 17 in Axes
 17863 | Lair:5   | Reached skill level 5 in Evocations
 17931 | Lair:5   | Gained Ugbert as an ally
 17963 | Lair:5   | Reached ***** piety under Beogh
 18026 | Lair:5   | Reached skill level 10 in Invocations
 18205 | Lair:5   | Found a corrupted altar of Lugonu.
 18537 | Lair:5   | Reached XP level 14. HP: 126/126 MP: 21/21
 18763 | Lair:5   | Gained mutation: Your magical capacity is low. (-10% MP)
                  | [mutagenic glow]
 19237 | Lair:4   | Upgraded the game from 0.30-a0-845-g7c6808c8ce to
                  | 0.30-a0-851-gbd0d260d8e
 19831 | D:12     | Gained Ugrim as an ally
 19893 | D:12     | Noticed Urug
 19900 | D:12     | Killed Urug
 20211 | D:12     | Gained Ortolf as an ally
 20219 | D:12     | Reached ****** piety under Beogh
 20648 | D:13     | Identified the +6 rapier "Ozxuosmaut" {heavy, rPois rC+
                  | Stlth+}
 20680 | D:13     | Gained Wargrak as an ally
 21082 | D:13     | Found a gate to the Vaults.
 21190 | D:13     | Mangled by an enormous slime creature

Illustrated notes

Levels and vault maps discovered:
D:1:      minmay_arrival_jagged, layout_basic, basic_ecumenical_altar,
          serial_shops, nicolae_shop_window_shopping
D:2:      cheibrodos_old_hovel, layout_basic, basic_altar
D:3:      layout_loops_ring, hellmonk_ghost_happy_afterlife
D:4:      layout_cave_pools, tgw_sif, amethyst_overflow_temple_binary,
          minmay_temple_entry_arrows, nicolae_shop_clearance, uniq_duvessa
D:5:      layout_basic
D:6:      layout_basic
D:7:      layout_basic, gammafunk_ghost_abyssal_escape
D:8:      layout_loops_ring, serial_shops, nicolae_diamond_shop,
          kennysheep_mini_moat, nicolae_ossuary_entry_giza
D:9:      nzn_winding_woodlands_medium [nzn_winding_woodlands_5x5_open_star,
          nzn_winding_woodlands_5x15_sidewinder,
          nzn_winding_woodlands_5x5_cross,
          nzn_winding_woodlands_5x5_checkerboard,
          nzn_winding_woodlands_center_triple_pond,
          nzn_winding_woodlands_5x5_three,
          nzn_winding_woodlands_5x5_closed_star,
          nzn_winding_woodlands_5x15_cabin, nzn_winding_woodlands_hourglass],
          layout_loops_ring, lemuel_tele_altar
D:10:     layout_basic, uniq_erica
D:11:     layout_irregular_city, lair_entry_dummy, david_orc_2,
          nicolae_fountain_basement
D:12:     layout_roguey, serial_ice, serial_ice_c, serial_ice_j, serial_ice_h,
          serial_ice_e, serial_ice_f, serial_ice_a, serial_ice_n,
          corexii_hall_statues_u, uniq_urug
D:13:     layout_layer_cave, david_vaults_1, feat_on_display
Lair:1:   layout_cave_shapes, grunt_megastairs_5, uniq_harold
Lair:2:   layout_layer_cave, spider_nest_entry_a, grunt_forest_stairs_basic,
          st_stairs_7
Lair:3:   layout_gridlike, minmay_shoals_entry_lonely_mermaid,
          grunt_megastairs_1, infiniplex_staircase_pool
Lair:4:   layout_roguey, dpeg_slime_entry_corner, nicolae_volcano_entry_s_turn,
          kennysheep_snail_temple, uniq_kirke
Lair:5:   hellmonk_lair_end_abyssal_woods, layout_concentric_octagons,
          minmay_lindwurm_lava

Skill      XL: |  1  2  3  4  5  6  7  8  9 10 11 12 13 14 |
---------------+-------------------------------------------+-----
Axes           | 3 4 8 9 10 11 13 14 16 17 | 17.9
Fighting       | 7 8 9 10 11 12 | 12.6
Armour         | 6 7 8 9 10 11 | 11.7
Shields        | 6 7 8 9 10 11 | 11.6
Evocations     | 3 4 5 6 |  6.9
Invocations    | 1 3 5 7 9 10 11 | 11.4
Dodging        | 2 3 |  3.4

Action                     |  1- 3 |  4- 6 |  7- 9 | 10-12 | 13-15 || total
---------------------------+-------+-------+-------+-------+-------++-------
  Melee: War axe           |   116 |   117 |   317 |   673 |   297 ||  1520
         Spear             |       |       |       |       |     4 ||     4
         Unarmed           |       |       |       |       |     2 ||     2
         Broad axe         |       |       |       |       |   108 ||   108
  Throw: Dart              |       |       |    14 |       |     2 ||    16
         Javelin           |       |       |       |     2 |     4 ||     6
 Invoke: Convert to Beogh  |       |     1 |       |       |       ||     1
         Smiting           |       |       |       |    11 |     5 ||    16
         Recall Orcish Fol |       |       |       |     4 |     5 ||     9
         Stop Recall       |       |       |       |     2 |     4 ||     6
         Give Item to Name |       |       |       |       |     2 ||     2
  Evoke: Wand              |       |       |       |    40 |    14 ||    54
    Use: Scroll            |     3 |       |     9 |    17 |     7 ||    36
         Potion            |     1 |     1 |     1 |     2 |     5 ||    10
   Stab: Invisible         |       |       |     1 |       |       ||     1
         Paralysed         |       |       |       |    11 |       ||    11
         Distracted        |       |       |       |     1 |     1 ||     2
         Petrified         |       |       |       |     5 |       ||     5
 Armour: Scale mail        |    55 |    41 |    25 |       |       ||   121
         Chain mail        |       |       |   118 |   206 |   276 ||   600
         Plate armour      |       |       |       |   113 |       ||   113
  Dodge: Dodged            |    39 |    29 |    83 |   176 |   215 ||   542
  Block: Buckler           |    25 |    27 |    60 |   175 |   165 ||   452

Table legend: (Time is in decaauts)
 A = Elapsed time spent in this place.
 B = Non-inter-level travel time spent in this place.
 C = Inter-level travel time spent in this place.
 D = Time resting spent in this place.
 E = Time spent auto-exploring this place.
 F = Levels seen in this place.
 G = Mean time per level.
                   A        B        C        D        E       F      G
               +--------+--------+--------+--------+--------+-----+--------+
         Total |  21105 |  20204 |    901 |   3991 |  11296 |  20 | 1055.2 |
       Dungeon |  14117 |  13657 |    460 |   3195 |   7423 |  13 | 1085.9 |
          Lair |   6371 |   5930 |    441 |    796 |   3490 |   5 | 1274.2 |
       Ossuary |    485 |    485 |      0 |      0 |    348 |   1 |  485.0 |
       Volcano |    130 |    130 |      0 |      0 |     34 |   1 |  130.0 |
               +--------+--------+--------+--------+--------+-----+--------+

Top non-repeatable levels by time:
     D:9: 1711 daAuts
  Lair:5: 1553 daAuts
     D:6: 1490 daAuts
  Lair:1: 1362 daAuts
     D:4: 1310 daAuts
  Lair:2: 1284 daAuts
     D:5: 1261 daAuts
    D:11: 1234 daAuts
  Lair:3: 1156 daAuts
    D:12: 1079 daAuts
     D:3: 1053 daAuts
    D:10: 1040 daAuts
     D:8: 1033 daAuts
  Lair:4: 1014 daAuts
     D:1: 871 daAuts
